 Dungeon Crawl Stone Soup version 0.31-a0-523-g071a6c1ffa (webtiles) character file.

Game seed: 966528940967426078

1096 MisterAzrael the Cleaver (level 8, -4/71 HPs)
             Began as a Hill Orc Fighter on Aug 11, 2023.
             Was an Initiate of Hepliaklqana.
             Slain by an ogre
             ... wielding a +0 giant club
              (12 damage)
             ... on level 5 of the Dungeon.
             The game lasted 00:04:07 (4029 turns).

MisterAzrael the Cleaver (Hill Orc Fighter)         Turns: 4029, Time: 00:04:07

Health: -4/71      AC:  9    Str: 21    XL:     8   Next: 31%
Magic:  8/8        EV: 12    Int:  8    God:    Hepliaklqana [......]
Gold:   221        SH:  5    Dex: 10    Spells: 7/7 levels left

rFire   . . .        a - +0 war axe
rCold   . . .        c - +0 buckler
rNeg    . . .        l - +0 chain mail
rPois   .            (no helmet)
rElec   .            (no cloak)
rCorr   .            (no gloves)
SInv    .            (no boots)
Will    .....        (no amulet) Stlth
                     h - +5 ring of evasion
HPRegen 0.31/turn    (no ring)
MPRegen 0.11/turn

%: no passive effects
@: no status effects
A: no striking features
a: Renounce Religion


You were on level 5 of the Dungeon.
You worshipped Hepliaklqana.
Hepliaklqana was noncommittal.
You visited 1 branch of the dungeon, and saw 5 of its levels.

You collected 221 gold pieces.

Inventory:

Hand Weapons
 a - a +0 war axe (weapon)
Missiles
 r - 7 boomerangs (quivered)
Armour
 b - a +0 scale mail
 c - a +0 buckler (worn)
 l - a +0 chain mail (worn)
Jewellery
 h - a +5 ring of evasion (left hand)
 m - a ring of fire
Scrolls
 d - a scroll of teleportation {unknown}
 e - 2 scrolls of enchant armour {unknown}
 g - a scroll of amnesia {unknown}
 n - a scroll of silence {unknown}
 p - a scroll of fear
 q - 2 scrolls of blinking {unknown}
 t - a scroll of noise {unknown}
 u - a scroll of identify {unknown}
 v - a scroll of poison {unknown}
Potions
 f - 2 potions of mutation {unknown}
 i - a potion of attraction {unknown}
 j - a potion of brilliance {unknown}
 k - a potion of berserk rage {unknown}
 o - a potion of heal wounds {unknown}
 s - a potion of might
 w - a potion of degeneration {unknown}


   Skills:
 + Level 6.7 Fighting
 * Level 9.1 Axes
 * Level 0.6 Throwing
 - Level 3.4 Armour
 + Level 6.1 Shields


You had 7 spell levels left.
You didn't know any spells.
Your spell library contained the following spells:

 Spells                   Type           Power      Damage    Failure   Level
 Apportation              Tloc           0%         N/A       98%         1
 Magic Dart               Conj           0%         1d3       98%         1
 Call Imp                 Summ           0%         N/A       99%         2
 Lesser Beckoning         Tloc           0%         N/A       99%         2
 Gell's Gravitas          Tloc           0%         N/A       100%        3
 Ignite Poison            Fire/Tmut/Pois 0%         N/A       100%        3
 Mephitic Cloud           Conj/Pois/Air  0%         N/A       100%        3
 Teleport Other           Tloc           0%         N/A       100%        3
 Olgreb's Toxic Radiance  Pois           0%         N/A       100%        4
 Sticky Flame             Conj/Fire      0%         2d3       100%        4
 Alistair's Intoxication  Tmut/Pois      0%         N/A       100%        5
 Discord                  Hex            0%         N/A       100%        8
 Ignition                 Fire           0%         3d3       100%        8


Dungeon Overview and Level Annotations

Branches:
Dungeon (5/15)             Temple (0/1) D:5

Altars:
Dithmenos
Fedhas
Hepliaklqana
Qazlal
Trog

Shops:
D:5 *

Annotations:
D:2 1 runed translucent door, Crazy Yiuf


Message History

An adder comes into view.
The adder moves out of view.
You throw a boomerang. The boomerang barely misses the ogre.
The boomerang hits the ogre.
The ogre is lightly wounded.
An ogre comes into view. It is wielding a +0 giant club.
You throw a boomerang. The ogre shouts!
The adder hisses angrily.
The boomerang hits the ogre.
The ogre is moderately wounded.
You throw a boomerang. The boomerang hits the ogre.
The ogre is heavily wounded.
The ogre hits you with a +0 giant club!
You barely miss the ogre.
The ogre is heavily wounded.
The ogre misses you.
You completely miss the ogre.
The ogre is heavily wounded.
You barely miss the ufetubus. You hit the ogre.
The ufetubus hits you but does no damage.
You block the ufetubus's attack. The ogre barely misses you.
The ogre closely misses you. The ufetubus closely misses you. x2
The ufetubus attacks as you move away! You block the ufetubus's attack.
The ufetubus barely misses you.
You slash the ufetubus!
You kill the ufetubus!
You hit the ogre but do no damage.
The ogre is lightly wounded.
The ogre hits you with a +0 giant club!
You hit the ogre.
The ogre is moderately wounded.
You completely miss the ogre. You slash the ogre!
The ogre hits you with a +0 giant club! The ogre hits you but does no damage.
The adder bites you but does no damage.
The ogre hits you with a +0 giant club!!
* * * LOW HITPOINT WARNING * * *
The adder barely misses you. The ogre attacks as you move away!
The ogre hits you with a +0 giant club!
You die...

#.......... .#.⌠
...#.......... ....
.....#......... #.⌠. ...#
#......... ...
......#.....)...
###.#####.###.......÷...
#..$..#8...8#...........
..#....l#O....#...####....
...!.[.OS@.8......# ##.##
..#.....#O....#...# #.##
#../..#8...8#.#.# ###..#
###.#####.###.#.# #.....
... #.........# #.###.
#.#.# #.###.##..###.# ##
.... ....###.###...._# #.
.# # #.#..........######.
...#.####.#..........


You could see 3 ogres, an iguana and an adder.

Vanquished Creatures
  Grinder (D:4)
  Sigmund (D:4)
  A black bear (D:2)
  An ogre (D:5)
  2 scorpions
  4 hounds
  3 jellies
  2 iguanas (D:5)
  An orc wizard (D:4)
  8 adders
  An ufetubus (D:5)
  A worm (D:2)
  2 dart slugs
  6 orcs
  7 endoplasms
  2 giant cockroaches
  4 goblins
  5 hobgoblins
  2 jackals (D:2)
  4 quokkas
  7 ball pythons
  7 bats
  5 frilled lizards
  6 kobolds
  3 rats
86 creatures vanquished.

Notes
Turn   | Place    | Note
-------+----------+-------------------------------------------
     0 | D:1      | MisterAzrael the Hill Orc Fighter began the quest for the
                  | Orb.
     0 | D:1      | Reached XP level 1. HP: 19/19 MP: 1/1
   254 | D:1      | Reached skill level 3 in Axes
   254 | D:1      | Reached XP level 2. HP: 27/27 MP: 2/2
   812 | D:2      | Reached XP level 3. HP: 26/33 MP: 3/3
   868 | D:2      | Found a faded altar of an unknown god.
  1008 | D:2      | Reached skill level 4 in Axes
  1341 | D:2      | Reached XP level 4. HP: 39/40 MP: 4/4
  1367 | D:2      | Found a runed translucent door.
  1368 | D:2      | Noticed Crazy Yiuf
  1582 | D:2      | Noticed a black bear
  1589 | D:2      | Killed a black bear
  1590 | D:2      | Reached skill level 5 in Axes
  1590 | D:2      | Reached XP level 5. HP: 42/47 MP: 5/5
  2152 | D:3      | Found a blossoming altar of Fedhas.
  2341 | D:4      | Found a shadowy altar of Dithmenos.
  2352 | D:4      | Reached skill level 5 in Fighting
  2392 | D:4      | Reached XP level 6. HP: 56/56 MP: 6/6
  2424 | D:4      | Reached skill level 6 in Axes
  2560 | D:4      | Noticed Grinder
  2573 | D:4      | Paralysed by Grinder for 5 turns
  2580 | D:4      | Paralysed by Grinder for 4 turns
  2585 | D:4      | Killed Grinder
  2586 | D:4      | Reached skill level 7 in Axes
  2586 | D:4      | Reached skill level 5 in Shields
  2586 | D:4      | Reached XP level 7. HP: 10/62 MP: 7/7
  2794 | D:4      | Found a hazy altar of Hepliaklqana.
  2813 | D:4      | Became a worshipper of Hepliaklqana the Forgotten
  2886 | D:4      | Noticed Sigmund
  2952 | D:4      | Killed Sigmund
  2953 | D:4      | Reached skill level 8 in Axes
  3329 | D:5      | Entered Level 5 of the Dungeon
  3457 | D:5      | Reached XP level 8. HP: 69/71 MP: 8/8
  3512 | D:5      | Found Daet's Assorted Antiques.
  3602 | D:5      | Found a bloodstained altar of Trog.
  3694 | D:5      | Reached skill level 9 in Axes
  3899 | D:5      | Found a staircase to the Ecumenical Temple.
  3998 | D:5      | Found a stormy altar of Qazlal.
  4029 | D:5      | Slain by an ogre

Illustrated notes

Levels and vault maps discovered:
D:1:      amcnicky_arrival_single_pillar, layout_basic, reono_crystal_passage
D:2:      layout_loops_corners, shapermc_ecumenical_altar_mp_ritualfount,
          uniq_crazy_yiuf_cottage
D:3:      layout_rooms, fedhas_altar_4
D:4:      layout_cave_pools, nzn_hepliaklqana_mist_gate,
          grunt_dithmenos_smoke_and_mirrors, roderic_serpentine_path,
          uniq_sigmund, uniq_grinder
D:5:      layout_rooms, overflow_temple_1_default,
          mainiacjoe_overflow_surrounded_room, minmay_temple_entry_offerings,
          serial_shops, nicolae_lakefront_shop, amethyst_killhole,
          minmay_chambers_of_fives

Skill      XL: |  1  2  3  4  5  6  7  8 |
---------------+-------------------------+-----
Axes           | 3 4 5 7 8 9 |  9.1
Fighting       | 4 5 6 |  6.7
Shields        | 4 5 6 |  6.1
Throwing       | |  0.6
Armour         | |  3.4

Action                     |  1- 3 |  4- 6 |  7- 9 || total
---------------------------+-------+-------+-------++-------
  Melee: War axe           |   106 |   119 |    85 ||   310
  Throw: Boomerang         |       |       |    12 ||    12
    Use: Potion            |       |     1 |       ||     1
         Scroll            |       |       |     1 ||     1
 Armour: Scale mail        |    39 |    14 |       ||    53
         Chain mail        |       |    34 |    25 ||    59
  Dodge: Dodged            |    63 |    80 |    60 ||   203
  Block: Buckler           |    25 |    33 |    17 ||    75

Table legend: (Time is in decaauts)
 A = Elapsed time spent in this place.
 B = Non-inter-level travel time spent in this place.
 C = Inter-level travel time spent in this place.
 D = Time resting spent in this place.
 E = Time spent auto-exploring this place.
 F = Levels seen in this place.
 G = Mean time per level.
                   A        B        C        D        E       F      G
               +--------+--------+--------+--------+--------+-----+--------+
         Total |   4110 |   4001 |    109 |    340 |   2858 |   5 |  822.0 |
       Dungeon |   4110 |   4001 |    109 |    340 |   2858 |   5 |  822.0 |
               +--------+--------+--------+--------+--------+-----+--------+

Top non-repeatable levels by time:
     D:2: 1139 daAuts
     D:4: 1005 daAuts
     D:1: 796 daAuts
     D:5: 707 daAuts
     D:3: 460 daAuts
